 Dungeon Crawl Stone Soup version 0.27-a0-650-g8dd3ea4f36 (webtiles) character file.

Game seed: 6428942518463214105

791 jasper the Slasher (level 7, 0/54 HPs)
             Began as a Demonspawn Warper on Mar 15, 2021.
             Was an Initiate of Cheibriados.
             Slain by an orc warrior
             ... wielding a +0 long sword
              (20 damage)
             ... on level 5 of the Dungeon.
             The game lasted 00:07:51 (5740 turns).

jasper the Slasher (Demonspawn Warper)              Turns: 5740, Time: 00:07:52

Health: 0/54       AC:  8    Str: 13    XL:     7   Next: 57%
Magic:  10/10      EV: 11    Int: 15    God:    Cheibriados [......]
Gold:   365        SH:  8    Dex: 15    Spells: 5/10 levels left

rFire    . . .     SeeInvis .   f - +1 dagger (venom)
rCold    . . .     Faith    .   l - +0 buckler
rNeg     . . .     Spirit   .   x - +0 ring mail
rPois    .         Reflect  +   j - +0 helmet
rElec    .         Harm     .   s - scarf {+Inv}
rCorr    .         Rampage  .   (no gloves)
Will     .....                  (no boots)
Stlth    +.........             v - amulet of reflection
HPRegen  0.18/turn              (no ring)
MPRegen  0.12/turn              (no ring)

@: very slow
A: sharp scales 2
a: Renounce Religion, Evoke Invisibility, Bend Time


You were on level 5 of the Dungeon.
You worshipped Cheibriados.
Cheibriados was noncommittal.
You visited 2 branches of the dungeon, and saw 8 of its levels.

You collected 365 gold pieces.

Inventory:

Hand Weapons
 a - a +0 falchion
 f - a +1 dagger of venom (weapon)
 k - a +0 arbalest
 z - a +0 scimitar
Missiles
 e - 3 boomerangs of dispersal (quivered)
 y - 5 atropa-tipped darts
Armour
 b - a +0 leather armour
 j - a +0 helmet (worn)
 l - a +0 buckler (worn)
 o - a +0 scale mail
 s - a scarf of invisibility (worn)
 x - a +0 ring mail (worn)
Jewellery
 v - an amulet of reflection (around neck)
 C - a ring of fire
Wands
 c - a wand of flame (15)
 B - a wand of iceblast (6)
Scrolls
 d - 2 scrolls of blinking
 g - 2 scrolls of teleportation
 q - a scroll of identify
Potions
 h - a potion of invisibility
 i - a potion of mutation {unknown}
 m - a potion of brilliance {unknown}
 n - a potion of ambrosia {unknown}
 p - 2 potions of degeneration {unknown}
 r - a potion of flight {unknown}
 t - 3 potions of might {unknown}
 u - 5 potions of heal wounds {unknown}
 w - 3 potions of curing {unknown}
 A - a potion of berserk rage {unknown}


   Skills:
 + Level 4.2 Fighting
 * Level 5.2 Long Blades
 - Level 0.8 Throwing
 + Level 3.3 Armour
 + Level 3.8 Dodging
 - Level 2.0 Spellcasting
 - Level 2.6 Translocations


You had 5 spell levels left.
You knew the following spells:

 Your Spells              Type           Power      Damage    Failure   Level
a - Blink                 Tloc           N/A        N/A       36%         2
b - Lesser Beckoning      Tloc           4%         N/A       58%         3

Your spell library contained the following spells:

 Spells                   Type           Power      Damage    Failure   Level
 Gell's Gravitas          Tloc           4%         N/A       58%         3
 Teleport Other           Tloc           9%         N/A       58%         3
 Manifold Assault         Tloc           9%         N/A       94%         4


Dungeon Overview and Level Annotations

Branches:
Dungeon (8/15)             Temple (1/1) D:7
   Lair: D:8-11

Altars:
Ashenzari
Cheibriados
Dithmenos
Elyvilon
Fedhas
Gozag
Hepliaklqana
Kikubaaqudgha
Makhleb
Nemelex Xobeh
Qazlal
Ru
Sif Muna
Trog
Uskayaw
Vehumet
Wu Jian
Xom
Yredelemnul
Zin
The Shining One
Beogh

Annotations:
D:7 2 transporters


Innate Abilities, Weirdness & Mutations

You are mostly covered in razor-sharp scales. (AC +2, Slay +2)


Message History

You slash the howler monkey!
You kill the howler monkey!
Cheibriados appreciates the change of pace.
You block the orc warrior's attack.
You hit the orc warrior but do no damage.
The orc warrior hits you with a +0 long sword!
The orc warrior closely misses you.
You take 11 damage, and have 43/54 hp.
MASSIVE DAMAGE!!
You slash the orc warrior!
The orc warrior is heavily wounded.
The orc warrior closely misses you.
You hit the orc warrior but do no damage.
The orc warrior is heavily wounded.
The orc warrior misses you.
You hit the orc warrior.
The orc warrior is heavily wounded.
The orc warrior hits you with a +0 long sword!
You take 7 damage, and have 36/54 hp.
You are too injured to fight recklessly!
You are too injured to fight recklessly!
You are too injured to fight recklessly!
You closely miss the orc warrior.
The orc warrior is heavily wounded.
The orc warrior hits you with a +0 long sword!!
You block the orc warrior's attack.
You take 18 damage, and have 18/54 hp.
MASSIVE DAMAGE!!
You hit the orc warrior but do no damage.
The orc warrior is heavily wounded.
The orc warrior barely misses you.
You riposte.
You barely miss the orc warrior.
The orc warrior is heavily wounded.
Your +1 dagger of venom begins to drip with poison!
f - a +1 dagger of venom (weapon)
You hit the orc warrior but do no damage.
The orc warrior is poisoned.
The orc warrior is heavily wounded.
You block the orc warrior's attack. You block the orc warrior's attack.
The orc warrior hits you with a +0 long sword!!
You die...

#####
#⌠..####
#......#
#......##
##...#...#
#..o.#...#
#..@##†..#
#...#.....#
#...#.....#
#...#..$..#
#...#.?⌠?.#
#...#..?..#
#...#.....#
#...#
#...##


You could see an orc warrior (poisoned).

Vanquished Creatures
  An ice beast (D:7)
  2 phantoms
  Blork the orc (D:6)
  A bullfrog (D:7)
  A howler monkey (D:5)
  A bullfrog zombie (D:5)
  2 jellies
  A bullfrog skeleton (D:8)
  An orc wizard (D:5)
  2 worker ants (D:7)
  A hound zombie (D:8)
  2 worker ant zombies (D:6)
  Robin (D:2)
  6 adders
  A white imp (D:7)
  A worm (D:2)
  7 dart slugs
  A leopard gecko (D:2)
  4 giant cockroaches
  13 goblins
  9 hobgoblins
  3 jackals (D:3)
  A quokka (D:2)
  4 ball pythons
  3 bats
  2 frilled lizards (D:1)
  11 kobolds
  A quokka zombie (D:5)
  12 rats
96 creatures vanquished.

Vanquished Creatures (others)
  8 plants (D:2)
8 creatures vanquished.

Grand Total: 104 creatures vanquished

Notes
Turn   | Place    | Note
-------+----------+-------------------------------------------
     0 | D:1      | jasper the Demonspawn Warper began the quest for the Orb.
     0 | D:1      | Reached XP level 1. HP: 16/16 MP: 3/3
   106 | D:1      | Reached skill level 1 in Armour
   135 | D:1      | Reached skill level 2 in Long Blades
   319 | D:1      | Gained mutation: You are partially covered in razor-sharp
                  | scales. (AC +1, Slay +1) [demonic ancestry]
   319 | D:1      | Reached XP level 2. HP: 22/22 MP: 5/5
  1558 | D:2      | Reached XP level 3. HP: 17/28 MP: 6/6
  2106 | D:2      | Noticed Robin
  2123 | D:2      | Killed Robin
  2124 | D:2      | Gained mutation: You are mostly covered in razor-sharp
                  | scales. (AC +2, Slay +2) [demonic ancestry]
  2124 | D:2      | Reached XP level 4. HP: 15/34 MP: 7/7
  2472 | D:2      | Reached skill level 3 in Long Blades
  3435 | D:3      | Reached XP level 5. HP: 39/40 MP: 8/8
  3562 | D:3      | You fall into a shaft and drop 3 floors!
  3610 | D:7      | Learned a level 2 spell: Blink
  3614 | D:7      | Learned a level 3 spell: Lesser Beckoning
  3617 | D:7      | Noticed an ice beast
  3634 | D:7      | Killed an ice beast
  3636 | D:7      | Noticed a phantom
  3648 | D:7      | Killed a phantom
  3649 | D:7      | Reached skill level 4 in Long Blades
  3649 | D:7      | Reached XP level 6. HP: 35/47 MP: 9/9
  4158 | D:7      | Found a transporter.
  4162 | D:7      | Noticed a two-headed ogre
  4163 | D:7      | Noticed an orc warrior
  4164 | D:7      | Found a transporter.
  4406 | D:7      | Found a staircase to the Ecumenical Temple.
  4865 | Temple   | Entered the Ecumenical Temple
  5052 | Temple   | Became a worshipper of Cheibriados the Contemplative
  5233 | D:6      | Reached XP level 7. HP: 44/53 MP: 10/10
  5297 | D:6      | Noticed Blork the orc
  5316 | D:6      | Killed Blork the orc
  5371 | D:6      | Found a sparkling altar of Nemelex Xobeh.
  5371 | D:6      | Found a blossoming altar of Fedhas.
  5411 | D:5      | Entered Level 5 of the Dungeon
  5416 | D:5      | Found an ornate altar of the Wu Jian Council.
  5683 | D:5      | Reached skill level 5 in Long Blades
  5740 | D:5      | Slain by an orc warrior

Illustrated notes

Levels and vault maps discovered:
D:1:      ebering_trefoil_twist, layout_basic, serial_forest,
          infiniplex_forest_straight_2, infiniplex_forest_lined_4_way,
          infiniplex_forest_straight_4, infiniplex_forest_lined_3,
          infiniplex_forest_end_2, infiniplex_forest_lined_3
D:2:      layout_loops_ring, serial_forest, infiniplex_forest_lined_corner,
          infiniplex_forest_split, infiniplex_forest_clump_small,
          infiniplex_forest_end_2, infiniplex_forest_clump_double,
          infiniplex_forest_lined_3, uniq_robin
D:3:      layout_loops_ring
D:5:      kennysheep_spiral_hall, layout_loops_cross, okawaru_trees_2,
          nicolae_wu_jian_immortal_techniques, minmay_misc_feat_five, uniq_ijyb,
          uniq_sigmund
D:6:      layout_cave_pools, gammafunk_temple_overflow_wave, serial_undead,
          serial_undead_e, serial_undead_e, serial_undead_b, serial_undead_d,
          lexackson_kobold_supper, uniq_blork_the_orc
D:7:      gammafunk_beogh_shrine, layout_loops_ring,
          minmay_temple_entry_from_below_a
D:8:      layout_loops_corners, david_lair_generic,
          nicolae_ossuary_entry_catacombs, uniq_harold
Temple:   dpeg_five_rooms_temple

Skill      XL: |  1  2  3  4  5  6  7 |
---------------+----------------------+-----
Armour         | 1 2 3 |  3.3
Long Blades    | 2 3 4 5 |  5.2
Dodging        | 2 3 |  3.8
Fighting       | 3 4 |  4.2
Throwing       | |  0.8
Spellcasting   | |  2.0
Translocations | |  2.6

Action                   |  1- 3 |  4- 6 |  7- 9 || total
-------------------------+-------+-------+-------++-------
Melee: Falchion          |    13 |       |       ||    13
       Dagger            |   111 |   125 |    22 ||   258
       Scimitar          |       |    34 |    31 ||    65
Throw: Boomerang         |       |     2 |       ||     2
Evoke: Wand              |       |       |     1 ||     1
  Use: Scroll            |       |     5 |       ||     5
       Potion            |       |     1 |       ||     1
 Stab: Invisible         |       |     1 |       ||     1
Armor: Leather armour    |    14 |       |       ||    14
       Scale mail        |    22 |    16 |       ||    38
       Ring mail         |       |    23 |    18 ||    41
Dodge: Dodged            |    47 |    57 |    19 ||   123
Block: Buckler           |     4 |    46 |    21 ||    71
       Reflection        |       |     1 |     1 ||     2
       Rpst.: Falchion   |     4 |       |       ||     4
       Scimitar          |       |     4 |     4 ||     8

Table legend: (Time is in decaauts)
 A = Elapsed time spent in this place.
 B = Non-inter-level travel time spent in this place.
 C = Inter-level travel time spent in this place.
 D = Time resting spent in this place.
 E = Time spent auto-exploring this place.
 F = Levels seen in this place.
 G = Mean time per level.
                   A        B        C        D        E       F      G
               +--------+--------+--------+--------+--------+-----+--------+
         Total |   5844 |   5450 |    394 |   1121 |   3451 |   8 |  730.5 |
       Dungeon |   5615 |   5262 |    353 |   1121 |   3270 |   7 |  802.1 |
        Temple |    229 |    189 |     40 |      0 |    181 |   1 |  229.0 |
               +--------+--------+--------+--------+--------+-----+--------+

Top non-repeatable levels by time:
     D:2: 1724 daAuts
     D:1: 1552 daAuts
     D:7: 1210 daAuts
     D:5: 368 daAuts
     D:6: 288 daAuts
     D:3: 285 daAuts
  Temple: 229 daAuts
     D:8: 184 daAuts
